 Dungeon Crawl Stone Soup version 0.26.1-11-gd32895ea62 (webtiles) character file.

Game seed: 12935160200689163703

2828 Revguard the Scholar of Death (level 9, 0/65 HPs)
             Began as a Demonspawn Necromancer on July 27, 2021.
             Was a Follower of Kikubaaqudgha.
             Slain by an orc warrior
             ... wielding a +0 war axe
              (19 damage)
             ... on level 8 of the Dungeon.
             The game lasted 00:26:50 (9655 turns).

Revguard the Scholar of Death (DsNe)                Turns: 9655, Time: 00:26:50

Health: 0/65       AC:  8    Str: 11    XL:     9   Next: 45%
Magic:  10/17      EV: 12    Int: 18    God:    Kikubaaqudgha [*.....]
Gold:   406        SH:  5    Dex: 13    Spells: 1/19 levels left

rFire    . . .     SeeInvis +   f - +1 dagger (venom)
rCold    + . .     Faith    .   (no shield)
rNeg     + . .     Spirit   .   n - +1 ring mail {rC+}
rPois    .         Reflect  +   (no helmet)
rElec    .         Harm     .   b - scarf {+Inv}
rCorr    .         Rampage  .   (no gloves)
Will     .....                  (no boots)
Stlth    ++........             m - amulet of reflection
HPRegen  0.20/turn              d - ring of see invisible
MPRegen  0.15/turn              a - ring of Baolaokh {+Fly rN+}

@: no status effects
A: talons 2, thin metallic scales 1, demonic guardian 1, powered by pain 1
a: Renounce Religion, Evoke Invisibility, Evoke Flight, Receive Corpses


You were on level 8 of the Dungeon.
You worshipped Kikubaaqudgha.
Kikubaaqudgha was aware of your devotion.
You visited 2 branches of the dungeon, and saw 9 of its levels.

You collected 406 gold pieces.

Inventory:

Hand Weapons
 f - a +1 dagger of venom (weapon)
 s - a +5 dagger
Armour
 b - a scarf of invisibility (worn)
 n - a +1 ring mail of cold resistance (worn)
Magical Staves
 w - an uncursed staff of death
Jewellery
 a - the ring of Baolaokh (right hand) {+Fly rN+}
   (You found it on level 6 of the Dungeon)

   [ring of flight]

   It protects you from negative energy.
   It lets you fly.
 d - a ring of see invisible (left hand)
 g - an uncursed ring of positive energy
 m - an amulet of reflection (around neck)
 q - an uncursed ring of protection from fire
 t - an uncursed ring of resist corrosion
 v - an uncursed ring of protection from cold
Wands
 c - a wand of acid (9)
 r - a wand of flame (23)
 x - a wand of polymorph (8)
Scrolls
 e - 3 scrolls of amnesia
 h - 9 scrolls of remove curse
 i - 5 scrolls of teleportation
 k - 4 scrolls of identify
 l - a scroll of enchant weapon
 u - a scroll of blinking {unknown}
Potions
 j - 5 potions of curing
 o - a potion of mutation {unknown}
 p - 2 potions of might


   Skills:
 + Level 3.9 Fighting
 - Level 3.5 Short Blades
 + Level 0.0 Staves
 + Level 3.4 Armour
 + Level 4.1 Dodging
 + Level 4.4 Stealth
 * Level 5.7 Spellcasting
 + Level 0.9 Summonings
 * Level 7.7 Necromancy
 + Level 3.7 Evocations


You had one spell level left.
You knew the following spells:

 Your Spells              Type           Power        Failure   Level
a - Pain                  Necr           100%         1%          1
b - Vampiric Draining     Necr           16%          3%          3
c - Animate Dead          Necr           16%          12%         4
d - Agony                 Necr           33%          32%         5
e - Summon Guardian Gole  Hex/Summ       6%           56%         3
f - Sublimation of Blood  Necr           16%          1%          2

Your spell library contained the following spells:

 Spells                   Type           Power        Failure   Level
 Animate Skeleton         Necr           66%          1%          1
 Summon Small Mammal      Summ           32%          19%         1
 Beastly Appendage        Tmut           10%          28%         1
 Call Imp                 Summ           8%           28%         2
 Wereblood                Tmut           5%           38%         2
 Call Canine Familiar     Summ           8%           50%         3
 Spider Form              Tmut/Pois      2%           63%         3
 Summon Ice Beast         Ice/Summ       6%           93%         4
 Summon Lightning Spire   Summ/Air       6%           93%         4
 Ice Form                 Ice/Tmut       5%           95%         4
 Blade Hands              Tmut           2%           100%        5


Dungeon Overview and Level Annotations

Branches:
Dungeon (8/15)             Temple (1/1) D:5
   Lair: D:8-11

Altars:
Ashenzari
Cheibriados
Dithmenos
Elyvilon
Fedhas
Gozag
Hepliaklqana
Kikubaaqudgha
Makhleb
Nemelex Xobeh
Okawaru
Qazlal
Ru
Sif Muna
Trog
Uskayaw
Vehumet
Wu Jian
Xom
Yredelemnul
Zin
The Shining One

Annotations:
D:6 2 runed translucent doors


Innate Abilities, Weirdness & Mutations

You have razor-sharp toenails.
You are partially covered in thin metallic scales. (AC +2)
A weak demonic guardian rushes to your aid.
You sometimes gain a little power by taking damage.


Message History

Casting: Pain (safe; 1% risk of failure)
Confirm with . or Enter, or press ? or * to list all spells.
You call on the dead to rise...
The dead are walking!
The orc warrior hits you with a +0 war axe!
The orc closely misses you. The orc priest closely misses you.
You hit the orc priest.
The orc priest is poisoned.
Your kick misses the orc priest.
The orc priest is lightly wounded.
The orc warrior hits you but does no damage.
The orc hits you but does no damage. The orc priest hits you with a +0 whip.
You barely miss the orc. You claw the orc, but do no damage.
You block the orc warrior's attack. The orc closely misses you.
The orc priest hits you with a +0 whip.
* * * LOW HITPOINT WARNING * * *
The orc hits you but does no damage.
The orc priest calls upon Beogh to heal the orc warrior.
The orc warrior is healed somewhat.
The orc warrior hits you with a +0 war axe!!
You die...
Kikubaaqudgha rasps: "You have failed me!
Welcome... death!"

......############
.................#.#
.....########..#.#.#
.....#######...#.#.#####
.....'.......#.#.#......
.....#########....#
................Z.#
#######...<####...#
.............@.#
####.######.o.o# #.#
#.#o## #.# #.#.# #..
#.#.# #.. #.#.# #.#.#
..#.# ..#..


You could see an orc warrior (poisoned), an orc priest (very poisoned), an orc
and a friendly ogre zombie.

Vanquished Creatures
  A manticore (D:6)
  2 orc warriors
  A black bear (D:6)
  A sky beast (D:7)
  A phantom (D:7)
  2 ogres
  4 centaurs
  A big kobold (D:6)
  A bullfrog (D:6)
  3 scorpions
  4 wights (D:7)
  4 howler monkeys
  2 hounds (D:7)
  A jelly (D:7)
  3 centaur skeletons
  An orc priest (D:4)
  Terence (D:2)
  4 worker ants
  3 orc wizards
  A worker ant zombie (D:7)
  7 adders
  A howler monkey skeleton (D:4)
  A shadow imp (D:5)
  2 white imps
  An ufetubus (D:6)
  An ooze (D:7)
  4 dart slugs
  3 worms
  2 leopard geckos
  15 orcs
  7 giant cockroaches
  7 goblins
  4 hobgoblins
  8 jackals
  11 kobolds
  4 quokkas
  2 ball pythons
  6 bats
  8 frilled lizards
  3 quokka skeletons
  2 rats
140 creatures vanquished.

Vanquished Creatures (collateral kills)
  Edmund (D:3)
  A sky beast (D:3)
  An ogre (D:6)
  A centaur (D:7)
  A bullfrog (D:6)
  A hound (D:5)
  2 adders
  An ooze (D:5)
  An adder skeleton (D:5)
  A worm (D:5)
  An orc (D:6)
  A giant cockroach (D:5)
13 creatures vanquished.

Vanquished Creatures (others)
  An orc wizard (D:5)
1 creature vanquished.

Grand Total: 154 creatures vanquished

Notes
Turn   | Place    | Note
-------+----------+-------------------------------------------
     0 | D:1      | Revguard the Demonspawn Necromancer began the quest for the
                  | Orb.
     0 | D:1      | Reached XP level 1. HP: 13/13 MP: 3/3
   413 | D:1      | Gained mutation: You are partially covered in thin metallic
                  | scales. (AC +2) [demonic ancestry]
   413 | D:1      | Reached XP level 2. HP: 18/19 MP: 3/5
  1099 | D:2      | Gained mutation: A weak demonic guardian rushes to your
                  | aid. [demonic ancestry]
  1099 | D:2      | Reached XP level 3. HP: 15/25 MP: 1/6
  1246 | D:2      | Noticed Terence
  1253 | D:2      | Killed Terence
  1556 | D:2      | Reached skill level 1 in Fighting
  1556 | D:2      | Gained mutation: You have sharp toenails. [demonic
                  | ancestry]
  1556 | D:2      | Reached XP level 4. HP: 32/32 MP: 7/7
  1907 | D:2      | Learned a level 3 spell: Vampiric Draining
  2449 | D:3      | Reached skill level 1 in Evocations
  2474 | D:3      | Noticed a sky beast
  2493 | D:3      | Killed a sky beast
  2494 | D:3      | Reached skill level 1 in Armour
  2494 | D:3      | Reached skill level 5 in Necromancy
  2494 | D:3      | Gained mutation: You sometimes gain a little power by
                  | taking damage. [demonic ancestry]
  2494 | D:3      | Reached XP level 5. HP: 32/37 MP: 4/9
  3071 | D:3      | Reached skill level 1 in Short Blades
  3197 | D:3      | Found a shimmering blue altar of Sif Muna.
  3815 | D:4      | Noticed an ogre
  4166 | D:4      | Noticed Edmund
  4190 | D:3      | Killed Edmund
  4191 | D:3      | Gained mutation: You have razor-sharp toenails. [demonic
                  | ancestry]
  4191 | D:3      | Reached XP level 6. HP: 15/44 MP: 10/10
  4551 | D:4      | Learned a level 4 spell: Animate Dead
  4605 | D:4      | Reached XP level 7. HP: 34/50 MP: 12/12
  5158 | D:5      | Entered Level 5 of the Dungeon
  5383 | D:5      | Reached skill level 6 in Necromancy
  5987 | D:5      | Reached XP level 8. HP: 55/57 MP: 5/14
  6389 | D:5      | Found a staircase to the Ecumenical Temple.
  6395 | Temple   | Entered the Ecumenical Temple
  6584 | Temple   | Became a worshipper of Kikubaaqudgha
  6990 | D:6      | Learned a level 5 spell: Agony
  7230 | D:6      | Found a large runed translucent door.
  7230 | D:6      | Found a large runed translucent door.
  7241 | D:6      | Found a large runed translucent door.
  7241 | D:6      | Found a large runed translucent door.
  7495 | D:6      | Got a crude steel ring
  7497 | D:6      | Identified the ring of Baolaokh {+Fly rN+} (You found it on
                  | level 6 of the Dungeon)
  7545 | D:6      | Learned a level 3 spell: Summon Guardian Golem
  7859 | D:6      | Reached skill level 5 in Spellcasting
  7859 | D:6      | Reached skill level 7 in Necromancy
  7863 | D:6      | Noticed a manticore
  7878 | D:6      | Killed a manticore
  7879 | D:6      | Reached XP level 9. HP: 4/64 MP: 10/16
  9128 | D:7      | Reached * piety under Kikubaaqudgha
  9128 | D:7      | Identified Kikubaaqudgha's Incunabulum of Evil Rites
                  | (Kikubaaqudgha gifted it to you on level 7 of the Dungeon)
  9128 | D:7      | Received a gift from Kikubaaqudgha
  9157 | D:7      | Learned a level 2 spell: Sublimation of Blood
  9655 | D:8      | Slain by an orc warrior

Illustrated notes

Levels and vault maps discovered:
D:1:      dpeg_arrival_erosion, layout_basic
D:2:      layout_basic, corexii_leaking_fountain, uniq_terence
D:3:      layout_basic, lemuel_blue_sif_altar, chequers_serial_rivers_micro_c
D:4:      layout_rooms, minmay_distorted, uniq_edmund
D:5:      layout_loops_cross, minmay_temple_entry_enclosed_plants
D:6:      layout_cave_pools, minmay_hollow_rounded_squares
D:7:      layout_basic
D:8:      layout_basic, serial_shops, nicolae_shop_overgrown_old_shop
Temple:   roderic_octagonal_lattice_temple

Skill      XL: |  1  2  3  4  5  6  7  8  9 |
---------------+----------------------------+-----
Dodging        | 2 3 4 |  4.1
Stealth        | 2 3 4 |  4.4
Fighting       | 1 2 3 |  3.9
Evocations     | 1 2 3 |  3.7
Armour         | 1 2 3 |  3.4
Necromancy     | 5 6 7 |  7.7
Short Blades   | 1 2 3 |  3.5
Spellcasting   | 3 4 5 |  5.7
Summonings     | |  0.9

Action                   |  1- 3 |  4- 6 |  7- 9 || total
-------------------------+-------+-------+-------++-------
Melee: Dagger            |    48 |   148 |   336 ||   532
       Kick              |       |    27 |    82 ||   109
       Staff             |       |       |     6 ||     6
 Cast: Pain              |    39 |    29 |    13 ||    81
       Vampiric Draining |       |     1 |     4 ||     5
       Animate Dead      |       |       |     7 ||     7
 Abil: Evoke Invisibilit |       |     1 |       ||     1
Evoke: Wand              |       |       |     2 ||     2
  Use: Scroll            |     9 |     1 |     7 ||    17
       Potion            |       |     5 |     3 ||     8
 Stab: Sleeping          |     2 |       |     4 ||     6
       Invisible         |       |     1 |       ||     1
       Distracted        |       |       |     3 ||     3
Armor: Robe              |     9 |       |       ||     9
       Scale mail        |     7 |    91 |    30 ||   128
       Ring mail         |       |       |    75 ||    75
Dodge: Dodged            |    32 |    74 |   166 ||   272
Block: Other             |       |    14 |    65 ||    79
       Reflection        |       |       |     2 ||     2
